 Dungeon Crawl Stone Soup version 0.29-a0-962-gc8bbfd0a37 (webtiles) character file.

Game seed: 14093720933569098351

112 greasedhog the Digger (level 4, -5/24 HPs)
             Began as a Gargoyle Earth Elementalist on July 30, 2022.
             Slain by a gnoll
             ... wielding a +2 whip of distortion
              (6 damage)
             ... on level 3 of the Dungeon.
             The game lasted 00:05:49 (3006 turns).

greasedhog the Digger (Gargoyle Earth Elementalist) Turns: 3006, Time: 00:05:49

Health: -5/24      AC:  5    Str:  6    XL:     4   Next: 93%
Magic:  5/8        EV: 11    Int: 21    God:
Gold:   122        SH:  0    Dex: 10    Spells: 1/9 levels left

rFire   . . .      SeeInvis +   d - +0 dagger
rCold   . . .      Faith    .   (no shield)
rNeg    + + .      Spirit   .   a - +0 robe
rPois   ∞          Reflect  .   (no helmet)
rElec   +          Harm     .   (no cloak)
rCorr   +          Rampage  .   (no gloves)
Will    .....                   (no boots)
Stlth   ++........              (no amulet)
HPRegen 0.08/turn               i - ring of positive energy
MPRegen 0.11/turn               t - ring "Utamib" {rPois rCorr Str-5 Int+3 SInv}

@: no status effects
A: sickness immunity, AC +3, negative energy resistance 1, electricity
resistance, torment resistance 1, petrification resistance
a: no special abilities


You were on level 3 of the Dungeon.
You visited 1 branch of the dungeon, and saw 3 of its levels.

You collected 122 gold pieces.

Inventory:

Hand Weapons
 d - a +0 dagger (weapon)
Missiles
 g - 5 javelins
Armour
 a - a +0 robe (worn)
 f - a +0 pair of gloves
Jewellery
 i - a ring of positive energy (left hand)
 t - the ring "Utamib" (right hand) {rPois rCorr Str-5 Int+3 SInv}
   (You found it on level 3 of the Dungeon)

   [ring of see invisible]

   Str:       It affects your strength (-5).
   Int:       It affects your intelligence (+3).
   rPois:     It protects you from poison.
   SInv:      It lets you see invisible.
   rCorr:     It protects you from acid and corrosion.
Wands
 l - a wand of polymorph (8)
 r - a wand of roots (13)
Scrolls
 n - a scroll of identify
 q - 2 scrolls of enchant weapon
Potions
 b - a potion of magic
 c - a potion of attraction {unknown}
 e - a potion of brilliance
 h - a potion of might {unknown}
 j - a potion of heal wounds {unknown}
 k - a potion of haste {unknown}
 m - a potion of flight {unknown}
 o - a potion of invisibility {unknown}
 p - a potion of resistance {unknown}
 s - a potion of curing {unknown}
 u - a potion of ambrosia {unknown}


   Skills:
 - Level 1.5 Dodging
 * Level 2.9 Stealth
 - Level 3.0 Spellcasting
 * Level 0.6 Conjurations
 - Level 1.0 Transmutations
 * Level 5.2 Earth Magic


You had one spell level left.
You knew the following spells:

 Your Spells              Type           Power      Damage    Failure   Level
a - Sandblast             Erth           50%        2d12      1%          1
b - Stone Arrow           Conj/Erth      30%        3d8       12%         3
c - Petrify               Tmut/Erth      16%        N/A       36%         4

Your spell library contained the following spells:

 Spells                   Type           Power      Damage    Failure   Level
 Passwall                 Tmut/Erth      13%        N/A       5%          2


Dungeon Overview and Level Annotations

Branches:
Dungeon (3/15)

Altars:

Shops:
D:1 *

Annotations:
D:3 3 runed translucent doors, gdog's ghost, weakling GnDe


Innate Abilities, Weirdness & Mutations

You are immune to sickness and miasma.
Your stone body is resilient. (AC +3)
You are immune to poison.
You resist negative energy. (rN+)
You are resistant to electric shocks. (rElec)
You are resistant to unholy torment.
You are immune to petrification.


Message History

The bat hits you but does no damage.
The blast of sand hits the bat!
You kill the bat!
You now have 87 gold pieces (gained 8).
You now have 98 gold pieces (gained 11).
A dart slug comes into view.
Found 6 gold pieces.
You see here 9 gold pieces.
The blast of sand hits the dart slug!
You kill the dart slug!
You now have 107 gold pieces (gained 9).
You now have 113 gold pieces (gained 6).
Found a stone staircase leading down.
You now have 122 gold pieces (gained 9).
u - a clear potion A giant cockroach comes into view.
The blast of sand hits the giant cockroach!
You kill the giant cockroach!
A gnoll comes into view. It is wielding a +2 whip of distortion.
The gnoll shouts!
A gnoll comes into view. It is wielding a +0 halberd.
The blast of sand hits the gnoll.
The gnoll is heavily wounded.
The gnoll shouts!
A gnoll comes into view. It is wielding a +0 halberd.
The blast of sand hits the gnoll but does no damage.
The gnoll is heavily wounded.
The gnoll shouts!
A gnoll comes into view. It is wielding a +0 halberd.
The gnoll barely misses you.
The blast of sand hits the gnoll.
The gnoll is almost dead.
The gnoll shouts!
The gnoll hits you with a +2 whip of distortion!
Space warps horribly around you!
Ouch! That really hurt!
* * * LOW HITPOINT WARNING * * *
The gnoll barely misses you. The gnoll misses you.
The gnoll hits you but does no damage. Space warps around you.
You die...

##### #...#####
#.......# ###
#...###.####..
##.#########.##
#.......
...gggg@.....#
######..
##.#########.# ###....
##.#####...###
##.#...........
##.###...#.####.
#...#.##.#.# #.
#.##.###.#.# #. #.##.#
#.#.####.
#######.##>###.#......


You could see 4 gnolls.

Vanquished Creatures
  Terence (D:2)
  3 adders
  A worm (D:2)
  4 dart slugs
  3 orcs
  2 endoplasms
  3 giant cockroaches
  2 goblins (D:2)
  4 hobgoblins
  2 jackals (D:1)
  4 kobolds (D:1)
  3 ball pythons (D:1)
  9 bats
  5 frilled lizards
  5 rats
51 creatures vanquished.

Vanquished Creatures (others)
  A fungus (D:3)
  3 plants (D:3)
4 creatures vanquished.

Grand Total: 55 creatures vanquished

Notes
Turn   | Place    | Note
-------+----------+-------------------------------------------
     0 | D:1      | greasedhog the Gargoyle Earth Elementalist began the quest
                  | for the Orb.
     0 | D:1      | Reached XP level 1. HP: 10/10 MP: 3/3
    79 | D:1      | Found Wuzeituo's Assorted Antiques.
   185 | D:1      | Reached skill level 1 in Transmutations
   264 | D:1      | Found a faded altar of an unknown god.
   433 | D:1      | Reached XP level 2. HP: 15/15 MP: 0/5
   519 | D:1      | Reached skill level 4 in Earth Magic
  1440 | D:2      | Reached XP level 3. HP: 19/19 MP: 2/6
  1501 | D:2      | You fall into a shaft and drop 1 floor!
  1852 | D:2      | Reached XP level 4. HP: 21/24 MP: 3/8
  1915 | D:2      | Learned a level 3 spell: Stone Arrow
  1920 | D:2      | Learned a level 4 spell: Petrify
  2170 | D:2      | Noticed Terence
  2553 | D:2      | Killed Terence
  2554 | D:2      | Reached skill level 5 in Earth Magic
  2749 | D:3      | Found a runed translucent gate.
  2751 | D:3      | Found a runed translucent gate.
  2752 | D:3      | Found a runed translucent gate.
  2755 | D:3      | Noticed gdog's ghost (weakling GnDe)
  2758 | D:3      | Noticed a kobold brigand
  2781 | D:3      | Identified the ring "Utamib" {rPois rCorr Str-5 Int+3 SInv}
  3006 | D:3      | HP: 1/24 [gnoll/+2 whip of distortion (15)]
  3006 | D:3      | Slain by a gnoll

Illustrated notes

Levels and vault maps discovered:
D:1:      reono_arrival_forest_river, layout_basic,
          hellmonk_ecumenical_altar_zigzags, serial_shops, shop_statue,
          interstate_on_off
D:2:      layout_basic, chequers_serial_rivers_micro_a, minmay_heptomino_l4,
          uniq_terence
D:3:      layout_loops_ring, gammafunk_ghost_nasty_kobolds

Skill      XL: |  1  2  3  4 |
---------------+-------------+-----
Transmutations | 1 |  1.0
Earth Magic    | 4 5 |  5.2
Spellcasting   | 3 |  3.0
Dodging        | |  1.5
Stealth        | |  2.9
Conjurations   | |  0.6

Action                   |  1- 3 |  4- 6 || total
-------------------------+-------+-------++-------
Melee: Unarmed           |     6 |       ||     6
       Punch             |     1 |       ||     1
       Dagger            |       |     1 ||     1
 Cast: Sandblast         |    49 |    28 ||    77
       Stone Arrow       |       |     2 ||     2
       Petrify           |       |     1 ||     1
  Use: Scroll            |     2 |     2 ||     4
       Potion            |       |     1 ||     1
Armor: Robe              |    18 |    11 ||    29
Dodge: Dodged            |    21 |    14 ||    35

Table legend: (Time is in decaauts)
 A = Elapsed time spent in this place.
 B = Non-inter-level travel time spent in this place.
 C = Inter-level travel time spent in this place.
 D = Time resting spent in this place.
 E = Time spent auto-exploring this place.
 F = Levels seen in this place.
 G = Mean time per level.
                   A        B        C        D        E       F      G
               +--------+--------+--------+--------+--------+-----+--------+
         Total |   3077 |   2968 |    109 |     28 |   2517 |   3 | 1025.7 |
       Dungeon |   3077 |   2968 |    109 |     28 |   2517 |   3 | 1025.7 |
               +--------+--------+--------+--------+--------+-----+--------+

Top non-repeatable levels by time:
     D:2: 1536 daAuts
     D:1: 1128 daAuts
     D:3: 411 daAuts
